 Dungeon Crawl Stone Soup version 0.25-a0-577-ga4619f409e (webtiles) character file.

Game seed: 11296959056268078247, levelgen mode: deterministic

130074 MisterFreud the Blocker (level 17, -17/135 HPs)
             Began as a Gnoll Fighter on Mar 1, 2020.
             Was the Champion of Ashenzari.
             Killed from afar by Asterion (41 damage)
             ... with an orb of electricity
             ... on level 2 of the Spider Nest on Mar 2, 2020.
             The game lasted 01:29:17 (34248 turns).

MisterFreud the Blocker (Gnoll Fighter)            Turns: 34248, Time: 01:29:24

Health: -17/135    AC: 29    Str: 20    XL:     17   Next: 7%
Magic:  0/32       EV: 22    Int: 15    God:    Ashenzari [******]
Gold:   759        SH:  0    Dex: 22    Spells: 38/38 levels left

rFire    . . .     SeeInvis +   E - +7 pair of quick blades "Gyre" and "Gimble" {protect} (curse)
rCold    . . .     Gourm    .   (shield currently unavailable)
rNeg     + . .     Faith    .   g - +2 chain mail {MR+}
rPois    +         Spirit   .   w - +1 helmet
rElec    .         Reflect  .   p - +1 cloak
rCorr    .         Harm     .   W - +0 pair of gloves
MR       ++...     Clarity  +   k - +0 pair of boots
Stlth    ++........             (no amulet)
HPRegen  0.32/turn              r - ring "Uthruck" {*Corrode rPois rN+ Dex+6 Slay+4} (curse)
MPRegen  0.23/turn              d - +6 ring of evasion (curse)

@: mighty, lethally poisoned (-17 -> -22), protection aura
A: distributed training, fangs 1, strong nose
a: Curse Item, Scrying, Renounce Religion


You were on level 2 of the Spider Nest.
You worshipped Ashenzari.
Ashenzari was exalted by your worship.
You were not hungry.

You visited 5 branches of the dungeon, and saw 26 of its levels.
You also visited: Ice Cave.

You collected 2854 gold pieces.
You spent 2095 gold pieces at shops.

Inventory:

Hand Weapons
 E - the cursed +7 pair of quick blades "Gyre" and "Gimble" (weapon) {protect}
   (You bought it in a shop on level 2 of the Orcish Mines)

   It grants its wielder temporary protection when it strikes (+7 to AC).
   It has a curse placed upon it.
Missiles
 m - 86 poisoned darts (quivered)
 H - 2 javelins
 I - 15 curare-tipped darts
 M - 8 atropa-tipped darts
Armour
 g - a +2 chain mail of magic resistance (worn)
 k - a +0 pair of boots (worn)
 n - +0 fire dragon scales
 o - a +2 robe of the Archmagi
 p - a +1 cloak (worn)
 w - a +1 helmet (worn)
 C - the +1 leather armour of Poor Excuses {rPois Regen+ Str-5 Int+8}
   (You bought it in a shop on level 2 of the Orcish Mines)

   It affects your strength (-5).
   It affects your intelligence (+8).
   It protects you from poison.
   It increases your rate of regeneration.
   If you switch to wearing this armour, your AC will decrease by 9 (29 -> 20).
 W - a +0 pair of gloves (worn)
Jewellery
 d - a cursed +6 ring of evasion (right hand)
 r - the cursed ring "Uthruck" (left hand) {*Corrode rPois rN+ Dex+6 Slay+4}
   (You found it on level 5 of the Lair of Beasts)

   [ring of dexterity]

   It affects your dexterity (+6).
   It affects your accuracy and damage with ranged weapons and melee attacks
   (+4).
   It protects you from poison.
   It protects you from negative energy.
   It may corrode you when you take damage.
   It has a curse placed upon it.
 y - the ring of Wokk {Ice +Fly Str+6}
   (You found it on level 6 of the Lair of Beasts)

   [ring of ice]

   It enhances your ice magic.
   It affects your strength (+6).
   It makes you vulnerable to fire.
   It protects you from cold.
   It lets you fly.
 G - an uncursed ring of wizardry
 L - an uncursed amulet of magic regeneration
 S - an uncursed ring of resist corrosion
Wands
 b - a wand of scattershot (3)
 B - a wand of iceblast (12)
 N - a wand of digging (14)
 P - a wand of flame (7)
 U - a wand of acid (16)
 X - a wand of paralysis (11)
 Z - a wand of enslavement (2)
Scrolls
 h - 9 scrolls of teleportation
 i - 2 scrolls of holy word
 j - 2 scrolls of enchant armour
 l - a scroll of torment
 s - a scroll of magic mapping {unknown}
 u - 4 scrolls of fear
 A - 7 scrolls of enchant weapon
 D - 10 scrolls of remove curse
 F - 3 scrolls of blinking
Potions
 c - a potion of heal wounds
 e - 8 potions of curing
 q - a potion of ambrosia
 t - 6 potions of stabbing
 v - 4 potions of brilliance
 x - 5 potions of lignification
 J - 2 potions of might
 K - 3 potions of berserk rage
 O - 2 potions of cancellation
 Q - 5 potions of flight
 R - a potion of resistance
 T - 2 potions of mutation
 V - 2 potions of haste
 Y - a potion of invisibility
Miscellaneous
 z - a sack of spiders
Comestibles
 a - 6 chunks of flesh
 f - 48 rations


   Skills:
 + Level 12.6 Fighting
 + Level 11.9(17.3) Short Blades
 + Level 11.1 Long Blades
 + Level 11.1 Axes
 + Level 11.1 Maces & Flails
 + Level 11.1 Polearms
 + Level 11.1 Staves
 + Level 11.1 Slings
 + Level 11.1 Bows
 + Level 11.1 Crossbows
 + Level 11.1 Throwing
 + Level 12.6 Armour
 + Level 11.1 Dodging
 + Level 11.1 Stealth
 + Level 12.6 Shields
 + Level 11.1 Unarmed Combat
 + Level 11.1 Spellcasting
 + Level 9.4(12.3) Conjurations
 + Level 9.4(12.3) Hexes
 + Level 9.4(12.3) Charms
 + Level 9.4(12.3) Summonings
 + Level 9.4(12.3) Necromancy
 + Level 9.4(12.3) Translocations
 + Level 9.4(12.3) Transmutations
 + Level 9.4(12.3) Fire Magic
 + Level 9.4(12.3) Ice Magic
 + Level 9.4(12.3) Air Magic
 + Level 9.4(12.3) Earth Magic
 + Level 9.4(12.3) Poison Magic
 + Level 12.0 Invocations
 + Level 11.1(13.8) Evocations


You had 38 spell levels left.
You didn't know any spells.
Your spell library contained the following spells:

 Spells                   Type           Power        Failure   Level  Hunger
 Animate Skeleton         Necr           N/A          1%          1    None
 Apportation              Tloc           #####.       1%          1    None
 Beastly Appendage        Tmut           #####.       1%          1    None
 Corona                   Hex            #####..      1%          1    None
 Freeze                   Ice            ####         1%          1    None
 Summon Small Mammal      Summ           ####         1%          1    None
 Slow                     Hex            #####...     1%          2    None
 Sticks to Snakes         Tmut           #####...     1%          2    None
 Frozen Ramparts          Ice            #####.       1%          3    None
 Inner Flame              Hex/Fire       #####...     1%          3    None
 Ozocubu's Armour         Chrm/Ice       #####...     1%          3    None
 Portal Projectile        Hex/Tloc       #####.       1%          3    None
 Spider Form              Tmut/Pois      #####.....   1%          3    None
 Cause Fear               Hex            #####.....   3%          4    ###....
 Hailstorm                Conj/Ice       #####...     3%          4    ###....
 Ice Form                 Ice/Tmut       #####...     3%          4    ###....
 Leda's Liquefaction      Hex/Erth       #####.....   3%          4    ###....
 Summon Ice Beast         Ice/Summ       #####...     3%          4    ###....
 Blade Hands              Tmut           #####.....   10%         5    #####..
 Bolt of Magma            Conj/Fire/Erth #####.....   10%         5    #####..
 Iskenderun's Battlesphe  Conj/Chrm      #####...     10%         5    #####..
 Iron Shot                Conj/Erth      #####.....   45%         6    ######.
 Orb of Destruction       Conj           #####.....   96%         7    #######
 Spellforged Servitor     Conj/Summ      #####.....   96%         7    #######


Dungeon Overview and Level Annotations

Branches:
Dungeon (15/15)            Temple (1/1) D:6            Lair (6/6) D:10
  Swamp (0/4) Lair:2       Spider (2/4) Lair:2        Slime (0/5) Lair:6
    Orc (2/2) D:10            Elf (0/3) Orc:2        Vaults (0/5) D:13
 Depths (0/5) D:15          IceCv (visited)

Altars:
Ashenzari
Cheibriados
Elyvilon
Fedhas
Gozag
Makhleb
Ru
Sif Muna
Beogh

Shops:
D:14 [   Orc:2 ([*=

Annotations:
D:7 2 transporters
Lair:4 exclusion: oklob plant
Spider:2 Asterion


Innate Abilities, Weirdness & Mutations

Your experience applies equally to all skills.
You have very sharp teeth.
Your uncanny sense of smell can sniff out nearby items.


Message History

You puncture Asterion! x2
Asterion mumbles some strange prayers to Makhleb.
You hit Asterion.
Asterion blocks your attack. x2; You feel sick.
You completely miss Asterion. You bite Asterion! Asterion blocks your attack.
Asterion hits you with a +3 antimagic morningstar.
Asterion gores you!
* * * LOW HITPOINT WARNING * * *
Unknown command.
You feel much better.
You feel sick.
Asterion hits you with a +3 antimagic morningstar!
* * * LOW HITPOINT WARNING * * *
Asterion gores you but does no damage.
You feel sick.
Asterion says, "Your corpse will decorate my castle walls."
The blizzard demon waves its arms in wide circles.
The air twists around and strikes you!
* * * LOW HITPOINT WARNING * * *
Asterion conjures a destructive force in the name of Makhleb!
The orb of electricity explodes!
The orb of electricity engulfs you!!!
You die...

...# {,,, ,,
...####### ..######
, * ...* .####..###
#..
.........######..##
..........#.##....##
≈≈.#####.....##?.2.*
#≈≈# #.....###..##
≈≈≈# ##......##H.#
≈≈## ##......@.##
### ######..^# #####


You could see Asterion and a blizzard demon.

Vanquished Creatures
  Arachne (Spider:2)
  Jorgrun (Spider:2)
  Kirke (D:13)
  A ghost moth (Spider:2)
  An orc warlord (Orc:2)
  An ettin (D:15)
  A fire dragon (D:14)
  7 hydras
  A catoblepas (Lair:4)
  9 two-headed ogres
  7 centaur warriors
  15 death yaks
  An ogre mage (D:15)
  3 orc high priests (Orc:2)
  4 tengu warriors
  A deep elf knight (D:15)
  A hell knight (D:15)
  Sonja (D:12)
  Nergalle (Lair:3)
  3 skeletal warriors
  3 unseen horrors
  3 orc knights (Orc:2)
  10 wolf spiders
  4 orc sorcerers (Orc:2)
  5 ugly things (D:12)
  7 orb spiders
  2 manticores
  7 elephants
  4 cyclopes
  Joseph (D:12)
  5 black mambas
  2 gargoyles
  A torpor snail (Lair:4)
  27 spiny frogs
  7 rime drakes
  A tengu conjurer (D:12)
  5 komodo dragons
  6 demonic crawlers
  14 jumping spiders
  A meliai (shapeshifter) (D:13)
  2 hornets
  3 tyrant leeches (Lair:6)
  3 trolls
  A bog body (Lair:2)
  7 slime creatures
  20 blink frogs
  Grinder (D:3)
  2 dream sheep (D:9)
  18 hippogriffs
  29 redbacks
  3 shadows
  15 tarantellas
  11 wyverns
  A wraith (D:13)
  A spriggan (Spider:1)
  2 golden eyes (Spider:1)
  6 vampire mosquitoes
  53 yaks
  6 basilisks
  3 hogs (D:13)
  2 swamp worms (D:11)
  3 wargs
  2 soldier ants
  10 water moccasins
  33 orc warriors
  14 porcupines
  3 eyes of draining
  A swamp drake (D:10)
  3 sky beasts
  2 black bears (D:10)
  11 ice beasts
  A necrophage (D:11)
  12 ogres
  6 centaurs
  7 crocodiles
  38 wolves
  3 big kobolds (D:9)
  29 bullfrogs
  A scorpion (D:5)
  15 killer bees
  5 howler monkeys
  3 vampire bats (Lair:6)
  11 wights
  3 electric eels
  2 centaur zombies
  4 crimson imps
  Crazy Yiuf (D:2)
  2 bullfrog zombies
  6 hounds
  4 jellies
  2 bullfrog skeletons
  6 centaur skeletons
  19 orc priests
  26 orc wizards
  4 iguanas
  Natasha (twice) (D:2)
  3 worker ants
  A hound skeleton (D:7)
  4 worker ant zombies
  A howler monkey skeleton (D:9)
  11 adders
  4 oozes
  4 adder skeletons
  2 worms
  3 leopard geckos
  87 orcs
  11 bats
  3 giant cockroaches (D:3)
  6 hobgoblins
  5 jackals
  5 quokkas
  5 frilled lizards
  5 goblins
  5 kobolds
  5 rats
829 creatures vanquished.

Vanquished Creatures (collateral kills)
  A fire dragon (D:13)
  A hippogriff (Lair:4)
2 creatures vanquished.

Vanquished Creatures (others)
  A bog body (Lair:2)
  A white imp (IceCv)
  4 ufetubi (IceCv)
  2 orcs (Orc:2)
  18 fungi
  62 plants
88 creatures vanquished.

Grand Total: 919 creatures vanquished

Notes
Turn   | Place    | Note
-------+----------+-------------------------------------------
     0 | D:1      | MisterFreud the Gnoll Fighter began the quest for the Orb.
     0 | D:1      | Reached XP level 1. HP: 23/23 MP: 1/1
   241 | D:1      | Reached XP level 2. HP: 27/29 MP: 2/2
  1047 | D:2      | Reached XP level 3. HP: 35/35 MP: 3/3
  1211 | D:2      | Reached skill level 1 in Invocations
  1254 | D:2      | Noticed Natasha
  1265 | D:2      | Killed Natasha
  1265 | D:2      | Reached skill level 1 in Long Blades
  1265 | D:2      | Reached skill level 1 in Axes
  1265 | D:2      | Reached skill level 1 in Maces & Flails
  1265 | D:2      | Reached skill level 1 in Polearms
  1265 | D:2      | Reached skill level 1 in Staves
  1265 | D:2      | Reached skill level 1 in Slings
  1265 | D:2      | Reached skill level 1 in Bows
  1265 | D:2      | Reached skill level 1 in Crossbows
  1265 | D:2      | Reached skill level 1 in Throwing
  1265 | D:2      | Reached skill level 1 in Dodging
  1265 | D:2      | Reached skill level 1 in Stealth
  1265 | D:2      | Reached skill level 1 in Unarmed Combat
  1265 | D:2      | Reached skill level 1 in Spellcasting
  1265 | D:2      | Reached skill level 1 in Evocations
  1265 | D:2      | Reached XP level 4. HP: 24/41 MP: 5/5
  1325 | D:2      | Noticed Natasha
  1333 | D:2      | Killed Natasha
  1333 | D:2      | Reached skill level 1 in Conjurations
  1333 | D:2      | Reached skill level 1 in Hexes
  1333 | D:2      | Reached skill level 1 in Charms
  1333 | D:2      | Reached skill level 1 in Summonings
  1333 | D:2      | Reached skill level 1 in Necromancy
  1333 | D:2      | Reached skill level 1 in Translocations
  1333 | D:2      | Reached skill level 1 in Transmutations
  1333 | D:2      | Reached skill level 1 in Fire Magic
  1333 | D:2      | Reached skill level 1 in Ice Magic
  1333 | D:2      | Reached skill level 1 in Air Magic
  1333 | D:2      | Reached skill level 1 in Earth Magic
  1333 | D:2      | Reached skill level 1 in Poison Magic
  1759 | D:2      | Found a runed translucent door.
  1760 | D:2      | Noticed Crazy Yiuf
  1780 | D:2      | Killed Crazy Yiuf
  1780 | D:2      | Reached XP level 5. HP: 23/47 MP: 4/7
  2554 | D:3      | Found a shimmering blue altar of Sif Muna.
  2762 | D:3      | Noticed Grinder
  2762 | D:3      | Paralysed by Grinder for 2 turns
  2777 | D:3      | Killed Grinder
  2777 | D:3      | Reached skill level 5 in Short Blades
  2777 | D:3      | Reached XP level 6. HP: 48/53 MP: 7/9
  3212 | D:4      | Reached XP level 7. HP: 59/59 MP: 10/10
  3601 | D:5      | Entered Level 5 of the Dungeon
  3706 | D:5      | Found a sacrificial altar of Ru.
  4732 | D:6      | Found a staircase to the Ecumenical Temple.
  4810 | Temple   | Entered the Ecumenical Temple
  4820 | Temple   | Became a worshipper of Ashenzari the Shackled
  4914 | D:6      | Reached XP level 8. HP: 67/67 MP: 12/12
  5223 | D:7      | Noticed a hornet
  5257 | D:6      | Killed a hornet
  5713 | D:7      | Found a burning altar of Makhleb.
  5713 | D:7      | Found a snail-covered altar of Cheibriados.
  5760 | D:7      | Reached XP level 9. HP: 72/72 MP: 14/14
  6065 | D:7      | Found a transporter.
  6091 | D:7      | Found a roughly hewn altar of Beogh.
  6091 | D:7      | Found a transporter.
  6370 | D:8      | Reached * piety under Ashenzari
  7141 | D:9      | Noticed a two-headed ogre
  7162 | D:9      | Killed a two-headed ogre
  7162 | D:9      | Reached skill level 5 in Invocations
  7162 | D:9      | Reached XP level 10. HP: 33/80 MP: 15/17
  7723 | D:9      | Reached skill level 5 in Long Blades
  7723 | D:9      | Reached skill level 5 in Axes
  7723 | D:9      | Reached skill level 5 in Maces & Flails
  7723 | D:9      | Reached skill level 5 in Polearms
  7723 | D:9      | Reached skill level 5 in Staves
  7723 | D:9      | Reached skill level 5 in Slings
  7723 | D:9      | Reached skill level 5 in Bows
  7723 | D:9      | Reached skill level 5 in Crossbows
  7723 | D:9      | Reached skill level 5 in Throwing
  7723 | D:9      | Reached skill level 5 in Dodging
  7723 | D:9      | Reached skill level 5 in Stealth
  7723 | D:9      | Reached skill level 5 in Unarmed Combat
  7723 | D:9      | Reached skill level 5 in Spellcasting
  7723 | D:9      | Reached skill level 5 in Evocations
  7781 | D:9      | Noticed a three-headed hydra
  7803 | D:9      | Killed a three-headed hydra
  8096 | D:10     | Entered Level 10 of the Dungeon
  8161 | D:10     | Found a staircase to the Orcish Mines.
  8215 | D:10     | Reached ** piety under Ashenzari
  8940 | D:10     | Reached XP level 11. HP: 64/87 MP: 19/19
  9301 | D:10     | Found a staircase to the Lair.
  9875 | D:11     | Reached skill level 5 in Conjurations
  9875 | D:11     | Reached skill level 5 in Hexes
  9875 | D:11     | Reached skill level 5 in Charms
  9875 | D:11     | Reached skill level 5 in Summonings
  9875 | D:11     | Reached skill level 5 in Necromancy
  9875 | D:11     | Reached skill level 5 in Translocations
  9875 | D:11     | Reached skill level 5 in Transmutations
  9875 | D:11     | Reached skill level 5 in Fire Magic
  9875 | D:11     | Reached skill level 5 in Ice Magic
  9875 | D:11     | Reached skill level 5 in Air Magic
  9875 | D:11     | Reached skill level 5 in Earth Magic
  9875 | D:11     | Reached skill level 5 in Poison Magic
 10051 | Lair:1   | Entered Level 1 of the Lair of Beasts
 11679 | Lair:2   | Found a staircase to the Swamp.
 11698 | Lair:2   | Reached *** piety under Ashenzari
 11874 | Lair:2   | Reached XP level 12. HP: 46/96 MP: 22/22
 12976 | Lair:2   | Found a hole to the Spider Nest.
 14105 | Lair:3   | Reached skill level 10 in Fighting
 14105 | Lair:3   | Reached skill level 10 in Armour
 14105 | Lair:3   | Reached skill level 10 in Shields
 14339 | Lair:3   | Noticed Nergalle
 14406 | Lair:3   | Killed Nergalle
 14719 | Lair:3   | Reached XP level 13. HP: 103/103 MP: 24/24
 15122 | Lair:3   | Reached **** piety under Ashenzari
 17728 | Lair:4   | Upgraded the game from 0.25-a0-576-g50b708a4c4 to
                  | 0.25-a0-577-ga4619f409e
 17812 | Lair:5   | Identified the ring "Uthruck" {*Corrode rPois rN+ Dex+6
                  | Slay+4}
 18168 | Lair:5   | Reached XP level 14. HP: 99/111 MP: 26/26
 19029 | Lair:5   | Reached ***** piety under Ashenzari
 19100 | Lair:6   | Entered Level 6 of the Lair of Beasts
 19266 | Lair:6   | Reached skill level 10 in Short Blades
 21118 | Lair:6   | Reached skill level 10 in Invocations
 22313 | Lair:6   | Found a staircase to the Slime Pits.
 23337 | Lair:6   | Identified the ring of Wokk {Ice +Fly Str+6}
 24108 | D:11     | Reached XP level 15. HP: 100/119 MP: 28/28
 24476 | D:12     | Noticed Sonja
 24500 | D:12     | Killed Sonja
 25110 | D:13     | Noticed Joseph
 25836 | D:12     | Killed Joseph
 26128 | D:13     | Found a gate to the Vaults.
 26617 | D:13     | Noticed Kirke
 26701 | D:13     | Killed Kirke
 26941 | Orc:1    | Entered Level 1 of the Orcish Mines
 27013 | Orc:1    | Reached skill level 10 in Long Blades
 27013 | Orc:1    | Reached skill level 10 in Axes
 27013 | Orc:1    | Reached skill level 10 in Maces & Flails
 27013 | Orc:1    | Reached skill level 10 in Polearms
 27013 | Orc:1    | Reached skill level 10 in Staves
 27013 | Orc:1    | Reached skill level 10 in Slings
 27013 | Orc:1    | Reached skill level 10 in Bows
 27013 | Orc:1    | Reached skill level 10 in Crossbows
 27013 | Orc:1    | Reached skill level 10 in Throwing
 27013 | Orc:1    | Reached skill level 10 in Dodging
 27013 | Orc:1    | Reached skill level 10 in Stealth
 27013 | Orc:1    | Reached skill level 10 in Unarmed Combat
 27013 | Orc:1    | Reached skill level 10 in Spellcasting
 27013 | Orc:1    | Reached skill level 10 in Evocations
 27187 | Orc:2    | Entered Level 2 of the Orcish Mines
 27597 | Orc:1    | Found a roughly hewn altar of Beogh.
 28117 | Orc:2    | Reached ****** piety under Ashenzari
 28266 | Orc:2    | Noticed an orc warlord
 29321 | Orc:2    | Killed an orc warlord
 29742 | Orc:2    | Found a staircase to the Elven Halls.
 29864 | Orc:2    | Found Kigalip's Antique Armour Emporium.
 29864 | Orc:2    | Found Irukic's Antique Weapon Emporium.
 29865 | Orc:2    | Found Nys Otyavuh's General Store.
 29865 | Orc:2    | Found Qiabedeyqi's Jewellery Shoppe.
 29880 | Orc:2    | Bought a shimmering leather armour for 175 gold pieces
 29887 | Orc:2    | Bought the +7 pair of quick blades "Gyre" and "Gimble"
                  | {protect} for 1920 gold pieces
 29887 | Orc:2    | Found the +7 pair of quick blades "Gyre" and "Gimble"
                  | {protect}
 29933 | Orc:2    | Identified the +1 leather armour of Poor Excuses {rPois
                  | Regen+ Str-5 Int+8} (You bought it in a shop on level 2 of
                  | the Orcish Mines)
 30090 | D:13     | Identified the +4 trident of Contention {venom, MP+9 Dex+2}
 30443 | D:14     | Found Vuynu's Armour Shop.
 30476 | D:14     | Reached XP level 16. HP: 127/127 MP: 30/30
 31001 | D:15     | Entered Level 15 of the Dungeon
 31125 | D:15     | Found a frozen archway.
 31168 | IceCv    | Entered an ice cave
 31709 | D:15     | HP: 4/127 [ettin/+0 dire flail (45)]
 32344 | D:15     | Found a staircase to the Depths.
 32868 | Spider:1 | Entered Level 1 of the Spider Nest
 33984 | Spider:2 | Noticed Jorgrun
 33991 | Spider:2 | Killed Jorgrun
 34130 | Spider:2 | Noticed Arachne
 34157 | Spider:2 | Killed Arachne
 34157 | Spider:2 | Reached XP level 17. HP: 123/135 MP: 32/32
 34229 | Spider:2 | Identified the +4 kite shield of the Mantidfly {*Slow rElec
                  | rCorr Slay+5}
 34229 | Spider:2 | Noticed Asterion
 34248 | Spider:2 | Killed from afar by Asterion

Levels and vault maps discovered:
D:1:      dpeg_arrival_water_fire, layout_basic, minmay_pentomino_x2
D:2:      layout_loops_ring, first_ration, uniq_natasha, uniq_crazy_yiuf_cottage
D:3:      layout_loops_ring, chequers_avenue, lemuel_blue_sif_altar,
          uniq_grinder
D:4:      layout_loops_ring
D:5:      layout_cave_pools, lemuel_crystal_altar, skrybe_limestone_x
D:6:      layout_loops_corners, temple_green
D:7:      gammafunk_beogh_shrine, layout_gridville,
          gammafunk_temple_overflow_wave
D:8:      layout_loops_cross
D:9:      layout_basic, hangedman_ranch [blue_anna_fruit_fields]
D:10:     layout_gridville, erik_lair_dragon, erik_orc_4
D:11:     layout_gridville, minmay_crystal_room, worms_lemuel
D:12:     layout_roguey, uniq_sonja
D:13:     layout_cave_pools, david_vaults_4, gauntlet_entry_generic,
          grunt_decor_resistance, minmay_sticks_and_stones, uniq_kirke
D:14:     layout_cave_pools, serial_shops, shop_coins, serial_park_square3
          [serial_park_minivault_5x5_2]
D:15:     hangedman_depths_entry_civil_slaughter, layout_basic, grunt_decor_cap,
          portal_ice_cave_entry_ice_beasts
Temple:   regret_index_temple_mists
Lair:1:   layout_loops_ring, st_stairs_7, nicolae_quartered_pool_super
Lair:2:   layout_long_grid, skrybe_swamp_entry_bodies,
          nicolae_spider_entry_tight_spaces, grunt_megastairs_3,
          serial_bayou_shore_b, infiniplex_staircase_pool, serial_bayou_shore_a
Lair:3:   layout_loops_ring, grunt_forest_large_clearings, grunt_megastairs_5,
          uniq_nergalle
Lair:4:   layout_regular_city, grunt_megastairs_2, serial_bayou_shore_b,
          lemuel_fruit_fields
Lair:5:   layout_roguey, special_room [special_room_mythical_zoo]
Lair:6:   minmay_lair_end_frog_pond, layout_cave_pods,
          nicolae_slime_entry_slimehenge, roderic_batcave, st_stairs_3
Spider:1: layout_spider_delve
Spider:2: layout_spider_delve, uniq_asterion, uniq_arachne, uniq_jorgrun
Orc:1:    layout_caves, mines2_david
Orc:2:    st_orc_congregation, layout_caves

Skill      XL: |  1  2  3  4  5  6  7  8  9 10 11 12 13 14 15 16 17 |
---------------+----------------------------------------------------+-----
Invocations    | 1 2 3 4 5 6 7 8 9 10 11 12 | 12.0
Long Blades    | 1 2 3 4 5 6 7 8 9 10 11 | 11.1
Axes           | 1 2 3 4 5 6 7 8 9 10 11 | 11.1
Maces & Flails | 1 2 3 4 5 6 7 8 9 10 11 | 11.1
Polearms       | 1 2 3 4 5 6 7 8 9 10 11 | 11.1
Staves         | 1 2 3 4 5 6 7 8 9 10 11 | 11.1
Slings         | 1 2 3 4 5 6 7 8 9 10 11 | 11.1
Bows           | 1 2 3 4 5 6 7 8 9 10 11 | 11.1
Crossbows      | 1 2 3 4 5 6 7 8 9 10 11 | 11.1
Throwing       | 1 2 3 4 5 6 7 8 9 10 11 | 11.1
Dodging        | 1 2 3 4 5 6 7 8 9 10 11 | 11.1
Stealth        | 1 2 3 4 5 6 7 8 9 10 11 | 11.1
Unarmed Combat | 1 2 3 4 5 6 7 8 9 10 11 | 11.1
Spellcasting   | 1 2 3 4 5 6 7 8 9 10 11 | 11.1
Evocations     | 1 2 3 4 5 6 7 8 9 10 11 | 11.1
Conjurations   | 1 2 3 4 5 6 7 8 9 |  9.4
Hexes          | 1 2 3 4 5 6 7 8 9 |  9.4
Charms         | 1 2 3 4 5 6 7 8 9 |  9.4
Summonings     | 1 2 3 4 5 6 7 8 9 |  9.4
Necromancy     | 1 2 3 4 5 6 7 8 9 |  9.4
Translocations | 1 2 3 4 5 6 7 8 9 |  9.4
Transmutations | 1 2 3 4 5 6 7 8 9 |  9.4
Fire Magic     | 1 2 3 4 5 6 7 8 9 |  9.4
Ice Magic      | 1 2 3 4 5 6 7 8 9 |  9.4
Air Magic      | 1 2 3 4 5 6 7 8 9 |  9.4
Earth Magic    | 1 2 3 4 5 6 7 8 9 |  9.4
Poison Magic   | 1 2 3 4 5 6 7 8 9 |  9.4
Short Blades   | 5 6 7 8 9 10 11 | 11.9
Fighting       | 7 8 9 10 11 12 | 12.6
Armour         | 7 8 9 10 11 12 | 12.6
Shields        | 7 8 9 10 11 12 | 12.6

Action                   |  1- 3 |  4- 6 |  7- 9 | 10-12 | 13-15 | 16-18 || total
-------------------------+-------+-------+-------+-------+-------+-------++-------
Melee: Rapier            |   102 |    49 |       |       |       |       ||   151
       Bite              |     8 |    18 |    68 |   266 |   675 |   111 ||  1146
       Dagger            |       |   101 |   396 |  1440 |  2865 |       ||  4802
       Long sword        |       |       |    45 |     8 |    99 |       ||   152
       Falchion          |       |       |       |       |   214 |       ||   214
       Pair of quick bla |       |       |       |       |    58 |   492 ||   550
       Unarmed           |       |       |       |       |    25 |       ||    25
Invok: Curse Item        |       |       |     3 |       |     2 |       ||     5
Evoke: Wand              |       |       |     3 |     1 |    19 |    10 ||    33
  Use: Scroll            |       |     7 |     6 |     9 |     9 |     4 ||    35
       Potion            |       |     1 |       |     1 |     3 |     7 ||    12
 Stab: Confused          |       |       |       |     1 |       |       ||     1
       Invisible         |       |       |       |     5 |       |     4 ||     9
       Sleeping          |       |       |       |       |     2 |     4 ||     6
       Distracted        |       |       |       |       |     2 |       ||     2
       Paralysed         |       |       |       |       |       |     3 ||     3
  Eat: Chunk             |     1 |     6 |    10 |    22 |    43 |    12 ||    94
       Ration            |       |       |     1 |     1 |     3 |       ||     5
Armor: Chain mail        |    67 |    41 |    94 |   226 |   425 |   119 ||   972
       Leather armour    |       |       |       |       |    13 |       ||    13
Dodge: Dodged            |    26 |    27 |   130 |   552 |  1238 |   298 ||  2271
Block: Kite shield       |    56 |    57 |   223 |   658 |  1499 |       ||  2493
       Rpst.: Long sword |       |       |     5 |     3 |    15 |       ||    23
       Falchion          |       |       |       |       |    37 |       ||    37

Table legend:
 A = Non-vault XP
 B = Vault XP
 C = Vault XP percentage of total XP
 D = Non-vault monster count
 E = Vault monster count
 F = Vault count percentage of total count
                 A         B        C        D         E       F
            +---------+---------+-------+---------+---------+-------
      Total |  116775 |   69046 |  37.2 |     549 |     283 |  34.0
            +---------+---------+-------+---------+---------+-------
        D:1 |      28 |       1 |   3.4 |      18 |       1 |   5.3
        D:2 |      79 |      80 |  50.3 |      12 |       2 |  14.3
        D:3 |     115 |     244 |  68.0 |      19 |       1 |   5.0
        D:4 |     270 |       0 |   0.0 |      17 |       0 |   0.0
        D:5 |     346 |       0 |   0.0 |      13 |       0 |   0.0
        D:6 |     440 |       0 |   0.0 |       5 |       0 |   0.0
        D:7 |    1495 |       0 |   0.0 |      38 |       0 |   0.0
        D:8 |     255 |       0 |   0.0 |       5 |       0 |   0.0
        D:9 |    1690 |    2164 |  56.1 |      17 |       8 |  32.0
       D:10 |    1828 |    1558 |  46.0 |      27 |      22 |  44.9
       D:11 |    2883 |     663 |  18.7 |      22 |       3 |  12.0
       D:12 |    9368 |    1273 |  12.0 |      31 |       2 |   6.1
       D:13 |    8168 |    4350 |  34.7 |      25 |       7 |  21.9
       D:14 |    8862 |    1428 |  13.9 |      20 |       3 |  13.0
       D:15 |   11737 |    6535 |  35.8 |      27 |      14 |  34.1
     Lair:1 |    7207 |       0 |   0.0 |      37 |       0 |   0.0
     Lair:2 |    3291 |    3727 |  53.1 |      19 |      16 |  45.7
     Lair:3 |    2037 |    6337 |  75.7 |      10 |      33 |  76.7
     Lair:4 |    4563 |    2403 |  34.5 |      17 |       6 |  26.1
     Lair:5 |   15654 |    7855 |  33.4 |      35 |      29 |  45.3
     Lair:6 |    8774 |   12521 |  58.8 |      21 |      61 |  74.4
   Spider:1 |   12989 |       0 |   0.0 |      44 |       0 |   0.0
   Spider:2 |   12580 |    6764 |  35.0 |      33 |       2 |   5.7
      Orc:1 |     967 |      21 |   2.1 |      21 |       7 |  25.0
      Orc:2 |    1149 |   11122 |  90.6 |      16 |      66 |  80.5
            +---------+---------+-------+---------+---------+-------
